 Dungeon Crawl Stone Soup version 0.21.0 (webtiles) character file.

6 tidbits the Sneak (level 1, -1/7 HPs)
             Began as a Felid Earth Elementalist on Jan 6, 2018.
             Slain by a hound skeleton (3 damage)
             ... on level 4 of the Dungeon.
             The game lasted 00:01:22 (225 turns).

tidbits the Sneak (Felid Earth Elementalist)         Turns: 225, Time: 00:01:22

Health: -1/7       AC:  1    Str:  4    XL:     1   Next: 75%
Magic:  3/4        EV: 18    Int: 16    God:
Gold:   0          SH:  0    Dex: 16    Spells: 3/4 levels left
                                        Lives:  0   Deaths: 0

rFire    . . .     SeeInvis +   (weapon unavailable)
rCold    . . .     Gourm    .   (shield unavailable)
rNeg     . . .     Faith    .   (armour unavailable)
rPois    .         Spirit   .   (helmet unavailable)
rElec    .         Reflect  .   (cloak unavailable)
rCorr    .         Harm     .   (gloves unavailable)
MR       .....                  (boots unavailable)
Stlth    +++.......             (no amulet)
HPRegen  0.02/turn              (no ring)
MPRegen  0.09/turn              (no ring)

@: quick
A: very small, no armour, no weapons or thrown items, stealth, claws 1, fangs 3,
see invisible, carnivore, speed 1, shaggy fur 1, slow metabolism 1, sharp paws
a: no special abilities


You were on level 4 of the Dungeon.
You were not hungry.

You visited 1 branch of the dungeon, and saw 4 of its levels.

Inventory:

Missiles
 b - 61 stones
Scrolls
 a - a scroll of remove curse {unknown}
Books
 d - a book of Geomancy

   Spells                             Type                      Level
   a - Sandblast                      Earth                        1
   b - Passwall                       Transmutation/Earth          2
   c - Stone Arrow                    Conjuration/Earth            3
   d - Petrify                        Transmutation/Earth          4
   e - Lee's Rapid Deconstruction     Earth                        5
Comestibles
 c - a ration


   Skills:
 - Level 2.6 Dodging
 + Level 3.2 Stealth
 + Level 0.9 Unarmed Combat
 - Level 2.0 Spellcasting
   Level 1.1 Transmutations
 - Level 2.6 Earth Magic


You had 3 spell levels left.
You knew the following spells:

 Your Spells              Type           Power        Failure   Level  Hunger
a - Sandblast             Erth           ##....       7%          1    #......


Dungeon Overview and Level Annotations

Branches:
Dungeon (4/15)
 Temple: D:4-7

Altars:
Zin


Innate Abilities, Weirdness & Mutations

You cannot wear armour.
You are incapable of wielding weapons or throwing items.
Your paws allow you to move quietly. (Stealth)
You have sharp claws.
You have razor-sharp teeth.
You have supernaturally acute eyesight. (SInv)
You are carnivorous and can eat meat at any time.
You cover ground quickly.
You are covered in fur. (AC +1)
You have a slow metabolism.
Your sharp claws are effective at attacking unaware monsters.


Message History

Confirm with . or Enter, or press ? or * to list all spells.
Aiming: Sandblast
Press: ? - help, Shift-Dir - straight line, f/p - kobold
Aim: a kobold, wielding an enchanted dagger The blast of sand hits the kobold.
You kill the kobold!
b - 26 stones
Casting: Sandblast
Confirm with . or Enter, or press ? or * to list all spells.
You can't see any susceptible monsters within range! (Use Z to cast anyway.) Unknown command.
There is a stone staircase leading down here.
Things that are here:
an enchanted dagger; a kobold corpse You climb downwards.
A jackal comes into view.
Found 23 stones and a scroll labeled GUWIHI DABYCA.
There is a stone staircase leading up here.
You see here 23 stones.
b - 49 stones (gained 23)
A jackal comes into view.
A bat comes into view.
The bat hits you but does no damage. The bat barely misses you.
The bat hits you. The bat hits you.
Casting: Sandblast
Confirm with . or Enter, or press ? or * to list all spells.
Aiming: Sandblast
Press: ? - help, Shift-Dir - straight line, f - bat
Aim: a bat The blast of sand misses the bat.
b - 48 stones The bat closely misses you.
Casting: Sandblast
Confirm with . or Enter, or press ? or * to list all spells.
Aiming: Sandblast
Press: ? - help, Shift-Dir - straight line, f/p - bat
Aim: a bat The blast of sand misses the bat.
b - 47 stones The bat closely misses you.
Casting: Sandblast
Confirm with . or Enter, or press ? or * to list all spells.
Aiming: Sandblast
Press: ? - help, Shift-Dir - straight line, f/p - bat
Aim: a bat The blast of sand misses the bat.
b - 46 stones The bat misses you.
Casting: Sandblast
Confirm with . or Enter, or press ? or * to list all spells.
You don't have enough magic to cast that spell.
The bat hits you.
You scratch the bat.
The bat is heavily wounded.
The bat hits you but does no damage. The bat completely misses you.
You scratch the bat.
You kill the bat!
Found a scroll labeled KUEM VOAPSI.
a - a scroll labeled KUEM VOAPSI A hobgoblin and a kobold come into view.
Found a club.
Found 16 stones.
Found a stone staircase leading up.
Found a hunting sling.
Found 13 gold pieces.
A frilled lizard and a kobold come into view.
Found a scroll labeled WYOGEPTULU.
Found an escape hatch in the ceiling.
Found a glowing silver altar of Zin.
A kobold comes into view. It is wielding a short sword.
Found a short sword.
Found a stone staircase leading down.
b - 62 stones (gained 16)
There are no items here.
There is a stone staircase leading down here.
You climb downwards.
There is a stone staircase leading up here.
Found a stone staircase leading down.
There is a stone staircase leading down here.
You climb downwards.
You hear the hiss of flowing sand.
There is an entrance to an ossuary on this level.
Hurry and find it before the portal is buried!
There is a stone staircase leading up here.
Unknown command.
A hound skeleton comes into view.
The hound skeleton bites you.
You scratch the hound skeleton.
The hound skeleton is lightly damaged.
The hound skeleton misses you. The hound skeleton bites you.
* * * LOW HITPOINT WARNING * * *
Casting: Sandblast
Confirm with . or Enter, or press ? or * to list all spells.
Aiming: Sandblast
Press: ? - help, Shift-Dir - straight line, f - hound skeleton
Aim: a hound skeleton (lightly damaged)
The blast of sand hits the hound skeleton.
The hound skeleton is heavily damaged.
b - 61 stones The hound skeleton bites you.
You die...

#......#
#......#
####.### ###
#.# ## ..## #.#
.. #.######.#
#. #........#
#..###.########
#Z@.## #####


You could see a hound skeleton.

Vanquished Creatures
  A bat (D:2)
  2 goblins (D:1)
  A frilled lizard (D:1)
  A kobold (D:1)
  A rat (D:1)
6 creatures vanquished.

Notes
Turn   | Place    | Note
-------+----------+-------------------------------------------
     0 | D:1      | tidbits the Felid Earth Elementalist began the quest for the Orb.
     0 | D:1      | Reached XP level 1. HP: 7/7 MP: 4/4
    38 | D:1      | Reached skill level 3 in Stealth
   136 | D:2      | Found a glowing silver altar of Zin.
   225 | D:4      | Slain by a hound skeleton

Skill      XL: |  1 |
---------------+----+-----
Stealth        | 3 |  3.2
Dodging        | |  2.6
Unarmed Combat | |  0.9
Spellcasting   | |  2.0
Transmutations | |  1.1
Earth Magic    | |  2.6

Action                   || total
-------------------------++-------
Melee: Unarmed           ||     5
 Cast: Sandblast         ||     8
 Stab: Sleeping          ||     2
Armor: Skin              ||     2
Dodge: Dodged            ||     7

Table legend:
 A = Turns spent in this place as a percentage of turns spent in the entire game.
 B = Non-inter-level travel turns spent in this place as a percentage of non-inter-level travel turns spent in the entire game.
 C = Inter-level travel turns spent in this place as a percentage of turns spent in this place.
 D = Turns resting spent in this place as a percentage of non-inter-level travel turns spent in this place.
 E = Turns spent auto-exploring this place as a percentage of non-inter-level travel turns spent in this place.
 F = Non-inter-level travel turns spent in this place divided by the number of levels of this place that you've seen.
                   A       B       C       D       E      F
               +-------+-------+-------+-------+-------+----------------------
         Total | 100.0 | 100.0 |   0.0 |   0.0 |   0.0 |  56.2
       Dungeon | 100.0 | 100.0 |   0.0 |   0.0 |   0.0 |  56.2
               +-------+-------+-------+-------+-------+----------------------

Table legend:
 A = Kills in this place as a percentage of kills in entire the game.
 B = Kills by you in this place as a percentage of kills by you in the entire game.
 C = Kills by friends in this place as a percentage of kills by friends in the entire game.
 D = Other kills in this place as a percentage of other kills in the entire game.
 E = Experience gained in this place as a percentage of experience gained in the entire game.
 F = Experience gained in this place divided by the number of levels of this place that you have seen.
                   A       B       C       D       E      F
               +-------+-------+-------+-------+-------+----------------------
         Total | 100.0 | 100.0 |   N/A |   N/A | 100.0 |   2.2
       Dungeon | 100.0 | 100.0 |   N/A |   N/A | 100.0 |   2.2
               +-------+-------+-------+-------+-------+----------------------

Vault maps used:
D:1:      sevenhm_arrival_forest_fort_small_6
D:2:      lemuel_round_altar, st_stairs_13, minmay_box_of_dots
D:3:      first_ration, chequers_ecumenical_altar_island, serial_park_tiny_2,
          elyvilon_altar_5
D:4:      nicolae_ossuary_entry_false_entrances, serial_shops, shop
